Unix NetHack Version 5.0.0-0 post-release - last build Jun 10 2026 00:39:30 (3ee93aec679c4c4259841fe613dc97188e26a321,branch:main).

Game began 2026-06-19 15:57:58, ended 2026-06-19 16:20:12.

IanCurtis, chaotic male elven Wizard

        ------------                     ^
        |..........|        -------------|--
        |..........|     ###-......[.....`.|
        |..........|     #  |....`..........#
        |...........######  -----|-----+----#
        ------.-----             ^          #
              #                             #
            ###                             #
            #                               #                        ---------
           ##                               #          ##############........|
          -@-                               #--------###             |.......|
         |daa.                              #|....{.|#              #-.....{*|
         |?.>|                              #.......-#   -----  #####---------
         |...|                               |......|####....| ##
         -----                               --------`   |....##
                                                         |...|
                                                         |<..|
                                                         -----

IanCurtis the Thaumaturge  St:10 Dx:13 Co:14 In:20 Wi:11 Ch:11  Chaotic
Dlvl:7  $:254 HP:0(43) Pw:45(55) AC:8  Xp:6 T:4743 

Latest messages:
 The spell hits the brown pudding!
 You kill the brown pudding!
 You see here a leather armor.
 Something is written here in the dust.
 You read: "ad ae??ri??".
 You find a hidden door.
 In what direction? j
 The door opens.
 You find a hidden passage.
 You find a teleportation trap.
 Something is written here in the dust.
 You read: "ad ?c? ?i?".
 You see here a small glob of brown pudding.
 There is a small glob of brown pudding here; eat it? [ynq] (n) y
 You have a very bad case of stomach acid.
 You finish eating the small glob of brown pudding.
 Your health currently feels amplified!
 That door is closed.
 The door opens.
 KABOOM!!  The door was booby-trapped!
 You stagger...
 You feel a bit steadier now.
 You stop searching.
 That door is closed.
 The door resists!
 The door resists!
 The door resists!
 The door resists!
 The door opens.
 The fire ant bites!
 The fire ant bites again!
 You avoid harm.
 The dog bites!
 The fire ant bites!
 The fire ant bites again!
 You avoid harm.
 The dog bites!
 What do you want to write with? [- ac-emDEJPRW or ?*] -
 You write in the dust with your fingertip.
 What do you want to write in the dust here? Elbereth
 The fire ant bites!
 The fire ant bites again!
 You're on fire!
 Your scroll labeled DAIYEN FOOELS catches fire and burns!
 The fire ant bites!
 The fire ant bites again!
 You're on fire!
 The dog bites!
 You die...
 Do you want your possessions identified? [ynq] (y) q

Inventory:
 Coins    ('$')
  $ - 254 gold pieces
 Amulets  ('"')
  S - a cursed amulet of restful sleep
 Weapons  (')')
  E - a +0 dagger
  a - a blessed +1 quarterstaff (weapon in hands)
 Armor    ('[')
  t - an uncursed +0 orcish helm (being worn)
  b - an uncursed +0 cloak of magic resistance (being worn)
 Comestibles  ('%')
  s - an uncursed apple
  w - 4 uncursed food rations
  p - an uncursed sprig of wolfsbane
  L - an uncursed tripe ration
  K - a cursed tripe ration
 Scrolls  ('?')
  i - 3 uncursed scrolls of blank paper
  O - a cursed scroll of blank paper
  j - an uncursed scroll of enchant weapon
  x - a cursed scroll of food detection
  H - an uncursed scroll of identify
  G - a cursed scroll of magic mapping
 Potions  ('!')
  r - an uncursed potion of blindness
  h - 2 uncursed potions of extra healing
  C - 4 uncursed potions of healing
  g - an uncursed potion of levitation
  f - an uncursed potion of water
  I - an uncursed potion of water
 Rings    ('=')
  R - an uncursed ring of cold resistance
  D - an uncursed ring of fire resistance
  e - an uncursed ring of polymorph control
  P - an uncursed ring of teleport control
  d - an uncursed ring of warning
 Wands    ('/')
  J - a wand of fire (0:8)
  W - a wand of fire (0:6)
  c - a wand of lightning (0:7)
 Tools    ('(')
  o - an uncursed leather drum
  n - an uncursed blindfold
  m - a magic marker (0:22)

IanCurtis the Wizard's attributes:

Background:
 You were a Thaumaturge, a level 6 male elven Wizard.
 You were chaotic, on a mission for Anhur
 who was opposed by Ptah (lawful) and Thoth (neutral).
 You were right-handed.
 You were in the Dungeons of Doom, on level 7.
 You entered the dungeon 4743 turns ago.
 You had 628 experience points, 12 more were needed to attain level 7.

Basics:
 You had 0 out of 43 hit points.
 You had 45 out of 55 energy points (spell power).
 Your armor class was 8.
 Your wallet contained 254 zorkmids.
 Autopickup was off.

Final Characteristics:
 Your strength was 10 (limit:18).
 Your dexterity was 13 (limit:18).
 Your constitution was 14 (limit:16).
 Your intelligence was 20 (limit:20).
 Your wisdom was 11 (limit:20).
 Your charisma was 11 (limit:18).

Final Status:
 You weren't hungry.
 You were unencumbered.
 You were wielding a quarterstaff.
 You had basic skill with quarterstaff and could have enhanced that.

Final Attributes:
 You were piously aligned.
 You were magic-protected.
 You were sleep resistant.
 You were shock resistant.
 You were telepathic.
 You had infravision.
 You were warded.
 You are dead.

Miscellaneous:
 You didn't encounter any bones levels.
 Total elapsed playing time was 22 minutes and 14 seconds.

Major events:
 Turn
    1: IanCurtis the chaotic male elven Wizard entered the dungeon
  624: attained the rank of Conjurer (level 3)
 2785: found Sting in a shop
 2825: entered the Gnomish Mines
 3430: attained the rank of Thaumaturge (level 6)
 4743: killed by a dog

Spells:
 Name                 Level Category     Fail Retention
 force bolt             1   attack         0%   76%-80%
 detect monsters        1   divination     0%  76%-100%
 light                  1   divination     0%  76%-100%
 detect treasure        4   divination    90%  76%-100%
 detect unseen          3   divination    66%  76%-100%

Skills:
 Fighting Skills
   bare handed combat [Unskilled]
   riding             [Unskilled]
 Weapon Skills
   dagger             [Unskilled]
   knife              [Unskilled]
   axe                [Unskilled]
   short sword        [Unskilled]
   club               [Unskilled]
   mace               [Unskilled]
   quarterstaff       [Basic]
   polearms           [Unskilled]
   spear              [Unskilled]
   trident            [Unskilled]
   sling              [Unskilled]
   dart               [Unskilled]
   shuriken           [Unskilled]
 Spellcasting Skills
   attack spells      [Skilled]
   healing spells     [Unskilled]
   divination spells  [Unskilled]
   enchantment spells [Basic]
   clerical spells    [Unskilled]
   escape spells      [Unskilled]
   matter spells      [Unskilled]

Voluntary challenges:
 Character rerolling was not enabled.
 You never genocided any monsters.
 You never polymorphed an object.
 You never changed form.
 You used no wishes.
Achievements:
 You attained the rank of Conjurer.
 You entered a shop.
 You entered the Gnomish Mines.
 You attained the rank of Thaumaturge.

 The Dungeons of Doom: levels 1 to 7
    Level 1:
       An altar to Anhur.
    Level 2:
       A sink.
    Level 3:
    Level 4: "spellbooks by down stair"
       A weapon shop.
       Stairs down to The Gnomish Mines.
    Level 5:
    Level 6:
       Many fountains.
       Oracle of Delphi.
    Level 7: <- You were here.
       Some fountains.
       Final resting place for
          you, killed by a dog.
 The Gnomish Mines:
    Level 5:


Vanquished creatures:
  a leprechaun
  a baby long worm
  a brown pudding
  a dingo
  a jaguar
  2 human zombies
  a pony
  a yellow light
  a shrieker
  2 gnome leaders
  2 elf zombies
  a paper golem
  a baby crocodile
  a little dog
  2 floating eyes
  2 dwarves
  a homunculus
  a kobold leader
 20 hill orcs
  a rothe
  4 orc zombies
  a werejackal
  2 iguanas
  2 acid blobs
  a coyote
  2 gas spores
  2 hobbits
  2 giant rats
  2 cave spiders
  2 green molds
  2 red molds
  4 gnomes
  3 geckos
  8 jackals
  2 foxes
  4 goblins
  2 sewer rats
  4 grid bugs
  a bat
  5 lichens
  2 kobold zombies
  3 newts
104 creatures vanquished.

No species were genocided or became extinct.

Game over:
                       ----------
                      /          \
                     /    REST    \
                    /      IN      \
                   /     PEACE      \
                  /                  \
                  |    IanCurtis     |
                  |      254 Au      |
                  | killed by a dog  |
                  |                  |
                  |                  |
                  |                  |
                  |       2026       |
                 *|     *  *  *      | *
        _________)/\\_//(\/(/\)/\//\/|_)_______

Goodbye IanCurtis the Wizard...

You died in The Dungeons of Doom on dungeon level 7 with 3051 points,
and 254 pieces of gold, after 4743 moves.
You were level 6 with a maximum of 43 hit points when you died.

